 Dungeon Crawl Stone Soup version 0.19-a0-1920-g83281cb (webtiles) character file.

74 Kaname the Digger (level 4, -1/30 HPs)
             Began as a Demonspawn Earth Elementalist on Oct 23, 2016.
             Slain by a gnoll
             ... wielding a +0 hand axe
              (10 damage)
             ... on level 2 of the Dungeon.
             The game lasted 00:05:39 (2426 turns).

Kaname the Digger (Demonspawn Earth Elementalist)   Turns: 2426, Time: 00:05:39

Health: -1/30      AC:  3    Str: 13    XL:     4   Next: 10%
Magic:  0/7        EV: 11    Int: 17    God:
Gold:   94         SH:  3    Dex: 14    Spells: 3 memorised, 1 level left

rFire  . . .     SeeInvis .     o - +2 whip (flame)
rCold  . . .     Gourm    .     c - +0 robe
rNeg   . . .     Faith    .     h - +0 buckler
rPois  .         Spirit   .     (helmet restricted)
rElec  .         Reflect  .     m - +0 cloak
rCorr  .         Harm     .     (no gloves)
MR     .....                    (no boots)
Stlth  ++........               (no amulet)
                                (no ring)
                                (no ring)

@: mighty, very slightly contaminated
A: antennae 1, powered by pain 1
a: no special abilities


You were on level 2 of the Dungeon.
You were not hungry.

You visited 1 branch of the dungeon, and saw 2 of its levels.

You collected 94 gold pieces.

Inventory:

Hand Weapons
 o - a +2 whip of flaming (weapon)
Missiles
 b - 63 stones (quivered)
Armour
 c - a +0 robe (worn)
 h - a +0 buckler (worn)
 m - a +0 cloak (worn)
Scrolls
 a - a scroll of amnesia {unknown}
 f - a scroll of magic mapping {unknown}
 g - a scroll of enchant weapon {unknown}
 i - a scroll of remove curse {unknown}
 q - a scroll of teleportation {unknown}
Potions
 j - a potion of brilliance {unknown}
 k - a potion of berserk rage {unknown}
 n - a potion of curing
 p - a potion of heal wounds {unknown}
Books
 e - a book of Geomancy

   Spells                             Type                      Level
   a - Sandblast                      Earth                        1
   b - Passwall                       Transmutation/Earth          2
   c - Stone Arrow                    Conjuration/Earth            3
   d - Petrify                        Transmutation/Earth          4
   e - Lee's Rapid Deconstruction     Earth                        5
Comestibles
 d - 3 bread rations
 l - a chunk of flesh


   Skills:
 - Level 1.7 Dodging
 - Level 1.7 Stealth
 - Level 2.0 Spellcasting
 + Level 1.9 Conjurations
 - Level 0.8 Transmutations
 - Level 4.0 Earth Magic


You had one spell level left.
You knew the following spells:

 Your Spells              Type           Power        Failure   Level  Hunger
a - Sandblast             Erth           ###...       8%          1    #......
b - Passwall              Tmut/Erth      ##........   21%         2    ###....
c - Stone Arrow           Conj/Erth      ##....       34%         3    ###....


Dungeon Overview and Level Annotations

Branches:
Dungeon (2/15)

Altars:


Innate Abilities, Weirdness & Mutations

You have a pair of small antennae on your head.
You sometimes gain a little power by taking damage.


Message History

Confirm with . or Enter, or press ? or * to list all spells.
Aiming: Sandblast
Press: ? - help, Shift-Dir - straight line, f/p - gnoll
Aim: a gnoll, wielding a hand axe and wearing a scale mail (lightly wounded)
The blast of sand hits the gnoll.
You kill the gnoll!
You have reached level 4!
You feel agile.
Your demonic ancestry asserts itself...
A pair of antennae grows on your head!
There is an open door here.
Casting: Sandblast
Confirm with . or Enter, or press ? or * to list all spells.
Aiming: Sandblast
Press: ? - help, Shift-Dir - straight line, f/p - gnoll
Aim: a gnoll, wielding a hand axe and wearing a scale mail (lightly wounded)
The blast of sand hits the gnoll.
The gnoll is lightly wounded.
You see here a gnoll corpse.
The gnoll hits you with a hand axe!
You die...

.........# #.........#
..(......# #.#########
.........#####.# #####
.........#...#.# #....
.........#.#.#.# ##.###
...).....#)#.#)####.....
.......>...............#
..####'####.#####.....#
#@####.....#.....#
#.g.†.............
##########.#...#.#
#.#...#.# #.#...#.#
#.#...#.# #.#......
#.#<....# #.##....#


You could see a gnoll.

Vanquished Creatures
  2 gnolls (D:2)
  An adder (D:2)
  A dart slug (D:1)
  3 leopard geckos
  A ball python (D:1)
  A giant cockroach (D:2)
  6 goblins
  3 hobgoblins
  4 jackals (D:1)
  4 kobolds
  2 quokkas (D:2)
  5 bats
  A frilled lizard (D:1)
  6 rats
40 creatures vanquished.

Notes
Turn   | Place    | Note
-------+----------+-------------------------------------------
     0 | D:1      | Kaname the Demonspawn Earth Elementalist began the quest for the Orb.
     0 | D:1      | Reached XP level 1. HP: 13/13 MP: 3/3
    65 | D:1      | Reached skill level 3 in Earth Magic
   173 | D:1      | Gained mutation: You sometimes gain a little power by taking damage. [demonic ancestry]
   173 | D:1      | Reached XP level 2. HP: 19/19 MP: 3/5
  1029 | D:1      | Reached XP level 3. HP: 7/24 MP: 0/6
  1460 | D:2      | Reached skill level 4 in Earth Magic
  1530 | D:2      | Learned a level 2 spell: Passwall
  1534 | D:2      | Learned a level 3 spell: Stone Arrow
  1831 | D:2      | Reached skill level 1 in Conjurations
  2411 | D:2      | Gained mutation: You have a pair of small antennae on your head. [demonic ancestry]
  2411 | D:2      | Reached XP level 4. HP: 7/30 MP: 0/7
  2426 | D:2      | Slain by a gnoll

Vault maps used:
D:1:      minmay_arrival_five_plusses
D:2:      first_bread

Skill      XL: |  1  2  3 |
---------------+----------+-----
Earth Magic    | 3 4 |  4.0
Conjurations   | 1 |  1.9
Dodging        | |  1.7
Stealth        | |  1.7
Spellcasting   | |  2.0
Transmutations | |  0.8

Action                   |  1- 3 |  4- 6 || total
-------------------------+-------+-------++-------
Melee: Unarmed           |    42 |       ||    42
       Short sword       |    22 |       ||    22
       Whip              |    22 |       ||    22
 Cast: Sandblast         |    51 |     2 ||    53
 Stab: Distracted        |     2 |       ||     2
       Sleeping          |     3 |       ||     3
  Eat: Chunk             |     4 |       ||     4
       Pizza             |     1 |       ||     1
Armor: Robe              |    22 |       ||    22
Dodge: Dodged            |    63 |       ||    63
Block: Buckler           |    13 |       ||    13
